 Dungeon Crawl Stone Soup version 0.19.0-2-gae57169 (webtiles) character file.

1211 dvd the Tainter (level 8, -1/47 HPs)
             Began as an Octopode Venom Mage on Nov 4, 2016.
             Was a Believer of Sif Muna.
             Slain by a centaur (8 damage)
             ... on level 6 of the Dungeon.
             The game lasted 00:16:43 (6022 turns).

dvd the Tainter (Octopode Venom Mage)               Turns: 6022, Time: 00:16:44

Health: -1/47      AC:  1    Str:  8    XL:     8   Next: 46%
Magic:  14/16      EV: 14    Int: 24    God:    Sif Muna [**....]
Gold:   198        SH:  4    Dex: 12    Spells: 3 memorised, 10 levels left

rFire  . . .     SeeInvis .     z - +0 war axe (elec)
rCold  . . .     Gourm    .     (no shield)
rNeg   . . .     Faith    .     (helmet restricted)
rPois  .         Spirit   .     g - +4 amulet of reflection
rElec  .         Reflect  +     (no ring)
rCorr  .         Harm     .     (no ring)
MR     .....                    (no ring)
Stlth  ++++......               (no ring)
                                (no ring)
                                (no ring)
                                (no ring)
                                (no ring)

@: brilliant, very slightly contaminated, invisible
A: almost no armour, stealthy swim, amphibious, 8 rings, constrict 8, camouflage
1, gelatinous body 1
a: Divine Energy, Renounce Religion


You were on level 6 of the Dungeon.
You worshipped Sif Muna.
Sif Muna was pleased with you.
You were not hungry.

You visited 1 branch of the dungeon, and saw 6 of its levels.

You collected 198 gold pieces.

Inventory:

Hand Weapons
 c - a +0 dagger
 k - a +0 scimitar
 p - a +0 falchion
 x - a +3 morningstar
 z - a +0 war axe of electrocution (weapon)
Jewellery
 g - a +4 amulet of reflection (around mantle)
Wands
 y - a wand of random effects (31/48)
Scrolls
 d - 3 scrolls of remove curse
 f - a scroll of enchant weapon {unknown}
 h - 2 scrolls of enchant armour {unknown}
 m - a scroll of teleportation {unknown}
 s - a scroll of immolation {unknown}
 t - 4 scrolls of identify
 v - a scroll of fear {unknown}
Potions
 e - a potion of brilliance
 j - a potion of haste {unknown}
 n - a potion of beneficial mutation
 q - 2 potions of lignification {unknown}
 u - a potion of invisibility
 w - a potion of curing {unknown}
Books
 a - a Young Poisoner's Handbook

   Spells                             Type                      Level
   a - Sting                          Conjuration/Poison           1
   b - Mephitic Cloud                 Conjuration/Poison/Air       3
   c - Olgreb's Toxic Radiance        Poison                       4
   d - Alistair's Intoxication        Transmutation/Poison         5
   e - Venom Bolt                     Conjuration/Poison           5
 l - a book of Changes

   Spells                             Type                      Level
   a - Beastly Appendage              Transmutation                1
   b - Sticks to Snakes               Transmutation                2
   c - Spider Form                    Transmutation/Poison         3
   d - Ice Form                       Ice/Transmutation            4
   e - Blade Hands                    Transmutation                5
 o - a book of Cantrips

   Spells                             Type                      Level
   a - Confusing Touch                Hexes                        1
   b - Animate Skeleton               Necromancy                   1
   c - Summon Small Mammal            Summoning                    1
   d - Apportation                    Translocation                1
Comestibles
 b - 9 bread rations
 i - 3 meat rations
 r - 4 chunks of flesh


   Skills:
 + Level 0.6 Fighting
 + Level 1.0(1.4) Short Blades
 + Level 1.5(1.7) Long Blades
 + Level 0.8 Maces & Flails
 + Level 2.8 Dodging
 + Level 4.9 Stealth
 + Level 5.9 Spellcasting
 + Level 2.0 Conjurations
 + Level 0.2 Transmutations
 + Level 8.4 Poison Magic


You had 10 spell levels left.
You knew the following spells:

 Your Spells              Type           Power        Failure   Level  Hunger
a - Sting                 Conj/Pois      ####         1%          1    None
b - Olgreb's Toxic Radia  Pois           ######..     1%          4    ###....
c - Spider Form           Tmut/Pois      #####.....   1%          3    #......


Dungeon Overview and Level Annotations

Branches:
Dungeon (6/15)             Temple (0/1) D:4

Altars:
Gozag
Qazlal
Sif Muna
Yredelemnul

Shops:
D:4 =


Innate Abilities, Weirdness & Mutations

You cannot wear most types of armour.
You are very stealthy in the water. (Stealth+)
You are amphibious.
You can wear up to eight rings at the same time.
You can use your tentacles to constrict eight enemies at once.
Your skin changes colour to match your surroundings (Stealth+).
Your rubbery body absorbs attacks. (AC +1, EV +1)


Message History

Unknown command.
Your toxic aura wanes.
The centaur drinks a potion.
The centaur flickers and vanishes!
Deactivating autopickup; reactivate with Ctrl-A.
Something hits you.
You barely miss something. You block something's attack.
Something hits you but does no damage. Something barely misses you.
You barely miss something. Something hits you. Something hits you!
* * * LOW HITPOINT WARNING * * *
Unknown command.
You fade into invisibility!
Something hits you.
* * * LOW HITPOINT WARNING * * *
You are very lightly contaminated with residual magic.
Something hits you.
* * * LOW HITPOINT WARNING * * *
It was a potion of brilliance.
You feel clever all of a sudden. Something hits you!
You die...

#.............# #.............#
## ###########..########### .#
......###..#.........##### .#
.......#.....#............ .#
..Y....#.....#............ .#
.......#.....#............ .#
.c.....#.....#...........) .#
.......#.@...#........)... .#
.......#{)...#............ .#
.......Y.....#............
.###############..###.......#####
.............###..#.........#....
.............#....#.........#....
.............'....#.........#...<
.............#....#.........#...#
.............#....#.........#...#


You could see an ice beast (wandering).

Vanquished Creatures
  A sky beast (D:5)
  An orc warrior (D:6)
  2 ogres (D:4)
  A scorpion (D:5)
  7 orc wizards
  A hound (D:5)
  A gnoll shaman (D:6)
  An iguana (D:5)
  2 orc priests
  6 worker ants
  13 gnolls
  11 adders
  An ooze (D:1)
  3 worms
  2 leopard geckos
  17 orcs
  3 bats (D:1)
  2 giant cockroaches
  6 hobgoblins
  2 quokkas (D:5)
  7 frilled lizards
  6 goblins
  A jackal skeleton (D:4)
  10 kobolds
  7 rats
114 creatures vanquished.

Notes
Turn   | Place    | Note
-------+----------+-------------------------------------------
     0 | D:1      | dvd the Octopode Venom Mage began the quest for the Orb.
     0 | D:1      | Reached XP level 1. HP: 11/11 MP: 3/3
    11 | D:1      | Reached skill level 5 in Poison Magic
   372 | D:1      | Reached XP level 2. HP: 9/17 MP: 0/5
  1149 | D:2      | Reached XP level 3. HP: 21/21 MP: 4/6
  1957 | D:2      | Found a basalt altar of Yredelemnul.
  1957 | D:2      | Found a deep blue altar of Sif Muna.
  1967 | D:2      | Became a worshipper of Sif Muna the Loreminder
  2263 | D:3      | Reached XP level 4. HP: 27/27 MP: 2/8
  2287 | D:3      | Reached skill level 1 in Conjurations
  2326 | D:3      | Learned a level 4 spell: Olgreb's Toxic Radiance
  2424 | D:3      | Reached XP level 5. HP: 30/31 MP: 0/9
  2702 | D:3      | Reached skill level 6 in Poison Magic
  2997 | D:3      | Learned a level 3 spell: Spider Form
  3249 | D:4      | Found Unealamp's Jewellery Boutique.
  3305 | D:4      | Noticed an ogre
  3324 | D:4      | Killed an ogre
  3324 | D:4      | Reached * piety under Sif Muna
  3324 | D:4      | Reached XP level 6. HP: 37/37 MP: 0/11
  3450 | D:4      | Reached skill level 1 in Short Blades
  3625 | D:4      | Reached XP level 7. HP: 28/42 MP: 8/13
  3850 | D:4      | Reached skill level 7 in Poison Magic
  3877 | D:4      | Found a staircase to the Ecumenical Temple.
  4006 | D:5      | Entered Level 5 of the Dungeon
  4015 | D:5      | Found an opulent altar of Gozag.
  4295 | D:5      | HP: 1/42 [sky beast (6)]
  4712 | D:5      | Reached skill level 5 in Spellcasting
  4724 | D:5      | Found a stormy altar of Qazlal.
  4731 | D:5      | Reached skill level 1 in Long Blades
  4862 | D:5      | Reached XP level 8. HP: 44/47 MP: 10/15
  5434 | D:6      | Reached skill level 8 in Poison Magic
  5607 | D:6      | Reached ** piety under Sif Muna
  6022 | D:6      | Slain by a centaur

Skill      XL: |  1  2  3  4  5  6  7  8 |
---------------+-------------------------+-----
Poison Magic   | 5 6 7 8 |  8.4
Stealth        | 3 4 |  4.9
Conjurations   | 1 2 |  2.0
Spellcasting   | 3 4 5 |  5.9
Short Blades   | 1 |  1.0
Long Blades    | 1 |  1.5
Fighting       | |  0.6
Maces & Flails | |  0.8
Dodging        | |  2.8
Transmutations | |  0.2

Action                   |  1- 3 |  4- 6 |  7- 9 || total
-------------------------+-------+-------+-------++-------
Melee: Dagger            |    32 |     7 |       ||    39
       Constrict         |     7 |     4 |    11 ||    22
       Tentacles         |     5 |     2 |     3 ||    10
       Unarmed           |     2 |     4 |     4 ||    10
       Scimitar          |       |     2 |       ||     2
       Falchion          |       |     3 |    26 ||    29
       Morningstar       |       |       |    11 ||    11
       War axe           |       |       |     5 ||     5
 Cast: Sting             |    50 |    30 |    12 ||    92
       Olgreb's Toxic Ra |       |    11 |    31 ||    42
       Spider Form       |       |     1 |     1 ||     2
  Use: Scroll            |       |       |     2 ||     2
       Potion            |       |       |     2 ||     2
 Stab: Sleeping          |     6 |     3 |     1 ||    10
  Eat: Chunk             |     4 |     7 |    12 ||    23
Armor: Skin              |     3 |       |     4 ||     7
Dodge: Dodged            |    16 |     5 |    25 ||    46
Block: Other             |     4 |     4 |     6 ||    14
       Reflection        |       |     1 |       ||     1
       Rpst.: Falchion   |       |       |     9 ||     9
